AoeStats
← 军军

Arabia

510038989Analyzed
1v1 RM · 4d ago on Sep 29, 2026· 38m 2s· 2 players
Game mode
Random Map
Map size
Tiny (2 player)
Population
200
Speed
Normal
Resources
Standard
Victory
Conquest
Starting age
Dark Age
Ending age
Imperial Age
RankedLock teamsTeams togetherTeam positionsShared explorationLock speedFull tech treeHidden civsTurbo modeCheats
Victory
Defeat
🇨🇳 Teutons · China
816
+14
🇲🇽 Portuguese · Mexico
775
-14
Tanke88
8:35 Loom
10:38 Feudal Age
12:53 Man-at-Arms
14:08 Double-Bit Axe
23:44 Fletching
24:33 Padded Archer Armor
33:56 Castle Age
34:36 Forging
军军
7:13 Loom
11:21 Feudal Age
11:50 Man-at-Arms
13:04 Scale Mail Armor
15:48 Forging
17:14 Scale Barding Armor
21:15 Bloodlines
25:44 Padded Archer Armor
25:47 Horse Collar
25:54 Double-Bit Axe
32:44 Castle Age
31:20 Wheelbarrow
35:01 Squires
Connection lost

Rejoining the realm…

Still unreachable

The connection could not be restored.

Session expired

The server has moved on; the page needs a fresh start.